 Dungeon Crawl Stone Soup version 0.31-a0-1005-gfbdfbacc72 (webtiles) character file.

Game seed: 7004508355806431681

9 protoss039 the Digger (level 2, -1/20 HPs)
             Began as a Demonspawn Earth Elementalist on Nov 11, 2023.
             Slain by a jackal (3 damage)
             ... on level 1 of the Dungeon.
             The game lasted 00:00:40 (185 turns).

protoss039 the Digger (DsEE)                         Turns: 185, Time: 00:00:40

Health: -1/20      AC:  3    Str:  8    XL:     2   Next: 6%
Magic:  0/5        EV: 12    Int: 16    God:
Gold:   6          SH:  0    Dex: 15    Spells: 4/5 levels left

rFire   . . .        i - staff of cold
rCold   + . .        (no shield)
rNeg    . . .        a - +0 robe
rPois   .            c - +0 helmet
rElec   .            (no cloak)
rCorr   .            (no gloves)
SInv    .            (no boots)
Will    .....        (no amulet)
Stlth   +++          (no ring)
HPRegen 0.23/turn    (no ring)
MPRegen 0.09/turn

%: no passive effects
@: no status effects
A: thin skeletal structure 1
a: no special abilities


You were on level 1 of the Dungeon.
You visited 1 branch of the dungeon, and saw 1 of its levels.

You collected 6 gold pieces.

Inventory:

Hand Weapons
 f - a +0 club
Armour
 a - a +0 robe (worn)
 c - a +0 helmet (worn)
Magical Staves
 i - a staff of cold (weapon)
Scrolls
 d - a scroll of identify {unknown}
 e - a scroll of blinking {unknown}
 h - a scroll of poison {unknown}
Potions
 b - a potion of magic
 g - a potion of heal wounds {unknown}


   Skills:
 + Level 0.9 Fighting
 - Level 1.7 Dodging
 - Level 1.7 Stealth
 + Level 2.2 Spellcasting
 - Level 0.8 Transmutations
 + Level 2.9 Earth Magic


You had 4 spell levels left.
You knew the following spells:

 Your Spells              Type           Power      Damage    Failure   Level
a - Sandblast             Erth           22%        2d7       6%          1

Your spell library contained the following spells:

 Spells                   Type           Power      Damage    Failure   Level
 Passwall                 Tmut/Erth      5%         N/A       14%         2
 Stone Arrow              Conj/Erth      12%        3d7       32%         3
 Petrify                  Tmut/Erth      7%         N/A       67%         4
 Brom's Barrelling Bould  Conj/Erth      6%         2d3       73%         4


Dungeon Overview and Level Annotations

Branches:
Dungeon (1/15) Zot: 5809

Altars:


Innate Abilities, Weirdness & Mutations

You have a somewhat thin skeletal structure. (Dex +2, Stealth+)


Message History

The blast of sand hits the dart slug!
The dart slug is almost dead.
The jackal barely misses you. The dart slug launches a dart at you.
The slug dart misses you.
A quokka comes into view.
Unknown command.
You hit the dart slug.
You kill the dart slug!
The jackal bites you. The jackal barely misses you. x2
The jackal completely misses you. The jackal closely misses you.
You have reached level 2!
Your demonic ancestry asserts itself...
Your bones become slightly less dense.
Casting: Sandblast (safe; 6% risk of failure)
Confirm with . or Enter, or press ? or * to list all spells.
You don't have enough magic to cast this spell.
Unknown command.
Casting: Sandblast (safe; 6% risk of failure)
Confirm with . or Enter, or press ? or * to list all spells.
You don't have enough magic to cast this spell.
You barely miss the jackal. The jackal closely misses you.
The jackal misses you.
The jackal bites you but does no damage.
The jackal misses you. The jackal barely misses you.
The jackal bites you but does no damage.
You closely miss the jackal.
The jackal bites you but does no damage.
The jackal bites you. The jackal barely misses you.
You hit the jackal.
The jackal is heavily wounded.
The jackal bites you.
* * * LOW HITPOINT WARNING * * *
The jackal bites you but does no damage.
The jackal bites you.
* * * LOW HITPOINT WARNING * * *
The jackal bites you.
* * * LOW HITPOINT WARNING * * *
The jackal bites you.
You die...

#.... ..# #...##......
#...###.# #......##.
###....##.#####.####.##.
###.......#.....#
#....##.
..........)....###.<.###.
#.#.............#...# ##
#....h#.######..##### #
#.##.h#h# ####...#### #
#..#@# #..(......# #
......hh# #.#######.# #
#####.### #.# #.#### #.#
#.### #..... >.# #.#.##
#.###. ########..#.##
#.###.
#........###.###...#.
.#####.## ##.##.#.#.
#.....###.....#.#†


You could see 3 jackals.

Vanquished Creatures
  A dart slug (D:1)
  A bat (D:1)
  A giant cockroach (D:1)
  A goblin (D:1)
  A hobgoblin (D:1)
  A jackal (D:1)
6 creatures vanquished.

Notes
Turn   | Place    | Note
-------+----------+-------------------------------------------
     0 | D:1      | protoss039 the Demonspawn Earth Elementalist began the
                  | quest for the Orb.
     0 | D:1      | Reached XP level 1. HP: 13/13 MP: 3/3
   183 | D:1      | Gained mutation: You have a somewhat thin skeletal
                  | structure. (Dex +2, Stealth+) [demonic ancestry]
   183 | D:1      | Reached XP level 2. HP: 10/20 MP: 0/5
   185 | D:1      | Slain by a jackal

Illustrated notes

Levels and vault maps discovered:
D:1:      amcnicky_arrival_single_pillar, layout_loops_cross, serial_park_tiny_2

Action                     || total
---------------------------++-------
  Melee: Staff             ||     5
         Unarmed           ||     1
   Cast: Sandblast         ||     9
   Stab: Sleeping          ||     1
 Armour: Robe              ||    16
  Dodge: Dodged            ||    21

Table legend: (Time is in decaauts)
 A = Elapsed time spent in this place.
 B = Non-inter-level travel time spent in this place.
 C = Inter-level travel time spent in this place.
 D = Time resting spent in this place.
 E = Time spent auto-exploring this place.
 F = Levels seen in this place.
 G = Mean time per level.
                   A        B        C        D        E       F      G
               +--------+--------+--------+--------+--------+-----+--------+
         Total |    189 |    189 |      0 |      0 |    117 |   1 |  189.0 |
       Dungeon |    189 |    189 |      0 |      0 |    117 |   1 |  189.0 |
               +--------+--------+--------+--------+--------+-----+--------+

Top non-repeatable levels by time:
     D:1: 189 daAuts
